 Dungeon Crawl Stone Soup version 0.21-a0-55-gb612c23 (webtiles) character file.

93139 xgamer67 the Markscentaur (level 15, -2/147 HPs)
             Began as a Centaur Chaos Knight on June 14, 2017.
             Slain by a water elemental (7 damage)
             ... while paralysed
             ... on level 1 of the Shoals.
             The game lasted 01:59:07 (40148 turns).

xgamer67 the Markscentaur (Centaur Chaos Knight)   Turns: 40148, Time: 01:59:08

Health: -2/147     AC: 30    Str: 19    XL:     15   Next: 59%
Magic:  0/17       EV:  1    Int: 11    God:    Xom [..*...]
Gold:   188        SH:  0    Dex: 15    Spells: 13/14 levels left

rFire    + . .     SeeInvis .   a - +2 spear (venom)
rCold    + . .     Gourm    .   (no shield)
rNeg     . . .     Faith    .   L - +3 chain mail
rPois    .         Spirit   +   (helmet unavailable)
rElec    .         Reflect  .   M - +2 cloak
rCorr    .         Harm     .   o - +2 pair of gloves
MR       ++...     Clarity  +   (no barding)
Stlth    ..........             R - amulet of guardian spirit
HPRegen  0.34/turn              k - ring "Sovy" {rF+ rC+}
MPRegen  0.15/turn              e - +5 ring of protection

@: paralysed, berserk cooldown, slowed, very quick
A: hooves 3, horns 3, molten scales 1, thin metallic scales 2, agile 2, clarity,
deformed body, speed 2, magic resistance 1, mutation resistance 1, sense
surroundings 1, robust 1, tough skin 3, wild magic 2
a: Renounce Religion


You were on level 1 of the Shoals.
You worshipped Xom.
You were a toy of Xom.
You were not hungry.

You visited 5 branches of the dungeon, and saw 24 of its levels.
You also visited: Sewer.

You collected 2086 gold pieces.
You spent 1898 gold pieces at shops.

Inventory:

Hand Weapons
 a - a +2 spear of venom (weapon)
 b - a +1 longbow of flaming
 n - a +3 glaive
 y - a +1 trident of piercing
 E - a +5 shortbow of flaming
Missiles
 h - 228 arrows
Armour
 o - a +2 pair of gloves (worn)
 v - a +0 helmet
 L - a +3 chain mail (worn)
 M - a +2 cloak (worn)
Jewellery
 e - a +5 ring of protection (right hand)
 j - an uncursed ring of resist corrosion
 k - the ring "Sovy" (left hand) {rF+ rC+}
   (You took it off a hobgoblin on level 4 of the Dungeon)

   [ring of protection from fire]

   It protects you from fire.
   It protects you from cold.
 t - an uncursed ring of see invisible
 w - an uncursed ring of protection from magic
 K - an uncursed ring of positive energy
 P - an uncursed ring of wizardry
 R - an amulet of guardian spirit (around neck)
 S - an uncursed amulet of rage
Wands
 u - a wand of polymorph (12/24)
 z - a wand of disintegration (0/24)
 C - a wand of lightning (6/15)
 V - a wand of clouds (5/9)
 Z - a wand of paralysis (8/24)
Scrolls
 d - a scroll of fear
 f - 3 scrolls of enchant armour
 g - 3 scrolls of magic mapping
 m - 9 scrolls of teleportation
 s - 2 scrolls of immolation
 x - 2 scrolls of blinking
 B - 5 scrolls of recharging
 X - a scroll of remove curse
 Y - 3 scrolls of amnesia
Potions
 l - a potion of curing
 p - 2 potions of haste
 q - 5 potions of flight
 r - 2 potions of heal wounds
 A - a potion of might
 I - a potion of agility
 J - a potion of cancellation
 Q - 2 potions of brilliance
 T - 4 potions of lignification
 U - 3 potions of resistance
 W - a potion of ambrosia {unknown}
Miscellaneous
 H - a phantom mirror
 N - a lamp of fire
 O - a phial of floods (inert)
Comestibles
 c - 12 bread rations
 i - 6 royal jellies
 F - 8 meat rations
 G - 2 chunks of flesh


   Skills:
 + Level 12.9 Fighting
 - Level 12.2 Polearms
 * Level 15.2 Bows
 - Level 10.0 Armour
 + Level 9.7 Dodging
 + Level 3.9 Evocations


You had 13 spell levels left.
You knew the following spells:

 Your Spells              Type           Power        Failure   Level  Hunger
a - Summon Butterflies    Summ           #.......     98%         1    ##.....


Dungeon Overview and Level Annotations

Branches:
Dungeon (13/15)            Temple (0/1) D:7            Lair (6/6) D:10
 Shoals (1/4) Lair:2        Snake (2/4) Lair:3        Slime (0/5) Lair:6
    Orc (2/2) D:9             Elf (0/3) Orc:2
 Vaults: D:13-14

Altars:
Ashenzari
Gozag
Kikubaaqudgha
Makhleb
Nemelex Xobeh
Qazlal
Trog
Wu Jian
Xom
Yredelemnul
Beogh
Jiyva

Shops:
D:4 (   D:5 *   D:9 *:[[   Orc:1 *   Orc:2 ([*=   Shoals:1 *

Annotations:
Lair:2 Harold
Snake:1 Aizul
Snake:2 Vashnia


Innate Abilities, Weirdness & Mutations

You have hooves in place of feet.
Armour fits poorly on your strangely shaped body.
You cover ground very quickly.
You have extremely tough skin. (AC +3)
You have a pair of large horns on your head.
You are partially covered in molten scales. (AC +2)
You are mostly covered in thin metallic scales. (AC +3)
You are very agile. (Dex +4)
You possess an exceptional clarity of mind.
You are resistant to hostile enchantments. (MR+)
You are somewhat resistant to further mutation.
You passively map a small area around you.
You are robust. (+10% HP)
Your spells are harder to cast, but more powerful.


Message History

The merfolk hits you from afar with a trident.
* * * LOW HITPOINT WARNING * * *
With effort, you pull free of the water engulfing you.
You gasp with relief as air once again reaches your lungs.
The faun unwields an uncursed spear.
The faun wields a hunting sling.
The faun shoots a stone.
The stone hits you but does no damage. The sea snake closely misses you.
The water elemental closely misses you.
There is a fountain of clear blue water here.
You see here a stone.
You feel your anger subside.
You are no longer berserk.
You pass out from exhaustion.
You feel yourself slow down.
The crocodile looks more healthy.
The water elemental hits you.
* * * LOW HITPOINT WARNING * * *
The sea snake bites you.
* * * LOW HITPOINT WARNING * * *
The water elemental hits you!
You die...
Xom cackles wildly!

≈≈≈≈≈P..###...≈≈P≈≈≈≈#*
≈≈≈≈PPP.###..≈≈≈≈≈≈≈≈#*, ≈ ≈
≈≈≈≈PP≈......≈≈≈≈≈≈≈≈#*, ≈
≈≈≈≈≈≈≈P≈≈.≈≈≈≈≈P≈≈≈≈≈# ,
≈≈≈≈≈≈≈≈≈≈....≈≈P≈≈≈≈#* * ≈
, ≈≈≈≈≈≈PPPP.....≈≈≈P≈≈#8, ,
≈
.≈≈≈≈≈≈≈≈≈.mEm⌠.≈≈≈≈≈##,,,,*
.≈≈≈≈≈≈≈≈≈tSEE..≈≈≈≈≈≈##,,,*
.≈≈≈≈≈≈≈≈≈.@⌠.⌠.≈≈≈≈≈≈≈#,, ,
≈≈≈≈≈≈≈≈≈......≈≈cP≈≈≈##,,*
* ≈≈≈≈≈≈≈≈.....≈≈≈≈≈≈≈≈≈##+
≈≈≈≈≈≈≈≈≈≈≈≈≈≈≈≈≈≈≈≈≈..##
≈≈≈≈≈≈≈≈≈≈≈≈≈≈≈≈≈≈≈≈....
≈≈≈≈≈≈≈≈≈≈≈≈≈≈≈≈≈≈≈≈.... *
≈≈≈≈≈≈≈≈≈≈≈≈≈≈≈≈≈≈)≈≈....
≈≈≈≈≈≈≈≈≈≈≈≈≈≈≈≈........ ≈
≈≈≈≈≈≈≈≈≈.......)≈.


You could see a sea snake, 2 merfolk, a faun, 3 water elementals and a
crocodile.

Vanquished Creatures
  Rupert (Lair:3)
  Roxanne (Snake:1)
  An azure jelly (Lair:6)
  A ghost moth (Lair:6)
  Nessos (D:12)
  The ghost of grindst0ne the Fighter, a journeyman DsFi of Okawaru (D:11)
  An ettin (Orc:1)
  A deep elf high priest (D:12)
  The ghost of xgamer67 the Cleaver, a journeyman HOFE of Cheibriados (D:11)
  3 catoblepae
  An anaconda (Snake:1)
  9 hydras
  3 two-headed ogres
  2 merfolk aquamancers
  A deep troll shaman (Lair:6)
  2 naga sharpshooters (Snake:1)
  11 death yaks
  3 orc high priests (Orc:2)
  Nergalle (Lair:3)
  3 skeletal warriors (D:11)
  2 naga ritualists (Lair:3)
  Pikel (D:4)
  4 orc knights
  3 mana vipers
  2 manticores
  An ugly thing (D:11)
  7 fauns (Shoals:1)
  A glowing shapeshifter (Lair:3)
  8 orc sorcerers
  9 black mambas
  2 merfolk sirens (Shoals:1)
  2 elephants (Lair:6)
  A water nymph (Shoals:1)
  2 gargoyles
  A torpor snail (Lair:6)
  12 spiny frogs
  A rime drake (shapeshifter) (D:9)
  8 komodo dragons
  A yaktaur (D:12)
  7 rime drakes
  8 polar bears
  7 merfolk
  5 trolls
  A snapping turtle (Shoals:1)
  10 blink frogs
  14 hippogriffs
  A slime creature (Shoals:1)
  7 wyverns
  17 yaks
  A yak (shapeshifter) (D:7)
  5 water elementals
  Eustachio (D:4)
  11 basilisks
  4 hogs (D:7)
  A human (D:7)
  2 hungry ghosts
  A warg (Orc:1)
  5 nagas
  16 water moccasins
  A hell hound (Lair:4)
  8 porcupines
  5 sky beasts
  33 orc warriors
  3 ice beasts
  An eye of draining (D:11)
  2 phantoms
  5 black bears
  4 boggarts (Lair:5)
  23 wolves
  6 ogres
  16 crocodiles
  5 centaurs
  2 crocodiles (shapeshifter) (D:10)
  A big kobold (D:11)
  Blork the orc (D:5)
  2 gnoll sergeants
  20 bullfrogs
  A water moccasin skeleton (D:4)
  5 scorpions
  13 killer bees
  5 electric eels
  A howler monkey (D:11)
  4 wights (D:9)
  2 crimson imps (D:11)
  3 quasits
  4 jellies
  3 bullfrog skeletons
  24 orc priests
  6 hounds
  24 orc wizards
  2 centaur skeletons
  Crazy Yiuf (D:2)
  4 iguanas
  10 worker ants
  A hound zombie (D:11)
  A hound skeleton (D:9)
  A worker ant zombie (D:11)
  Robin (D:4)
  A howler monkey zombie (D:8)
  15 adders
  9 gnolls
  A river rat (Sewer)
  2 shadow imps
  A white imp (D:7)
  An ooze (D:2)
  An adder skeleton (D:4)
  5 worms
  A dart slug (D:1)
  4 leopard geckos
  95 orcs
  A ball python (D:4)
  3 giant cockroaches
  16 goblins
  17 hobgoblins
  21 jackals
  A jackal (shapeshifter) (D:8)
  4 quokkas
  3 bats
  11 frilled lizards
  A giant cockroach zombie (D:5)
  A jackal skeleton (D:4)
  A jackal zombie (D:9)
  9 kobolds
  A leopard gecko zombie (D:6)
  A quokka skeleton (D:7)
  A quokka zombie (D:8)
  13 rats
  A butterfly (Lair:5)
  4 fungi (Lair:6)
  5 plants
745 creatures vanquished.

Vanquished Creatures (collateral kills)
  A skeletal warrior (D:11)
  An orc sorcerer (Orc:2)
  A black mamba (Snake:1)
  A spiny frog (Lair:4)
  A troll (D:11)
  3 blink frogs (Lair:5)
  2 orc warriors (Orc:2)
  A big kobold (Sewer)
  3 killer bees
  2 orcs (Orc:2)
  A hobgoblin (D:1)
  A kobold (Sewer)
18 creatures vanquished.

Vanquished Creatures (others)
  A merfolk aquamancer (Shoals:1)
  An anaconda (Lair:3)
  A black mamba (Lair:3)
  An orc wizard (D:12)
  20 fungi
  18 plants
42 creatures vanquished.

Grand Total: 805 creatures vanquished

Notes
Turn   | Place    | Note
-------+----------+-------------------------------------------
     0 | D:1      | xgamer67 the Centaur Chaos Knight began the quest for the Orb.
     0 | D:1      | Reached XP level 1. HP: 19/19 MP: 1/1
     0 | D:1      | XOM: divination: detect items
    21 | D:1      | XOM: harmless Summ miscast
    67 | D:1      | XOM: scenery: create altars
   397 | D:1      | Reached XP level 2. HP: 26/26 MP: 2/2
   469 | D:1      | Found a sparkling altar of Nemelex Xobeh.
   687 | D:1      | XOM: give mutations
   687 | D:1      | Gained mutation: You are somewhat resistant to further mutation. [Xom's grace]
   687 | D:1      | Lost mutation: You are somewhat resistant to further mutation. [Xom's grace]
   687 | D:1      | Gained mutation: You evolve. [Xom's grace]
   687 | D:1      | Gained mutation: You have a pair of small horns on your head. [Xom's grace]
   687 | D:1      | Gained mutation: You are partially covered in thin metallic scales. (AC +2) [Xom's grace]
   856 | D:1      | XOM: cast spell 'Metabolic Englaciation'
   892 | D:1      | Reached XP level 3. HP: 31/31 MP: 3/3
   941 | D:1      | XOM: noise
  1185 | D:1      | XOM: god gift: fruit
  1343 | D:2      | XOM: snakes to sticks
  1400 | D:2      | XOM: cloud trail
  1415 | D:2      | XOM: god gift: scroll labeled EMOURH CUYZI {god gift}
  1494 | D:2      | XOM: god gift: scroll labeled MAKLEPRECEI {god gift}
  1608 | D:2      | XOM: mild Conj miscast
  1692 | D:2      | XOM: mild Summ miscast
  1955 | D:2      | XOM: harmless Summ miscast
  2172 | D:2      | Found a runed door.
  2176 | D:2      | Noticed Crazy Yiuf
  2177 | D:2      | XOM: potion effect (berserk rage)
  2183 | D:2      | Killed Crazy Yiuf
  2183 | D:2      | Reached XP level 4. HP: 38/38 MP: 4/4
  2194 | D:2      | Gained mutation: Scrolls take you a little longer to read. [evolution]
  2240 | D:2      | XOM: god gift: 24 gold pieces
  2459 | D:3      | XOM: potion effect (agility)
  2460 | D:3      | XOM: butterfly on damage
  2569 | D:3      | XOM: harmless Summ miscast
  2609 | D:3      | Reached skill level 5 in Polearms
  2637 | D:3      | Found a glowing drain.
  2646 | Sewer    | Entered a sewer
  2711 | Sewer    | Noticed a big kobold
  2719 | Sewer    | Killed a big kobold
  2719 | Sewer    | Reached XP level 5. HP: 43/45 MP: 5/5
  2725 | Sewer    | Found a white marble altar of Elyvilon.
  2725 | Sewer    | XOM: 7-stop teleportation journey
  2778 | Sewer    | XOM: mild Conj miscast
  3016 | D:3      | XOM: confuse monster(s)
  3076 | D:3      | XOM: confuse monster(s)
  3105 | D:4      | XOM: stealth player
  3106 | D:4      | Noticed Eustachio
  3170 | D:4      | Found a burning altar of Makhleb.
  3178 | D:4      | Noticed an ogre
  3178 | D:4      | XOM: enchant monster (good)
  3179 | D:4      | XOM: harmless Erth miscast
  3180 | D:4      | Reached XP level 6. HP: 45/51 MP: 6/6
  3367 | D:4      | Found an ancient bone altar of Kikubaaqudgha.
  3461 | D:4      | Found Rinub's Weapon Emporium.
  3659 | D:4      | Reached XP level 7. HP: 50/57 MP: 7/7
  3759 | D:4      | Noticed Robin
  3782 | D:4      | Killed Robin
  3783 | D:4      | XOM: scenery: create altars
  3786 | D:4      | Got a scorched wooden ring
  3787 | D:4      | Identified the ring "Sovy" {rF+ rC+} (You took it off a hobgoblin on level 4 of the Dungeon)
  3953 | D:4      | Found an ornate altar of the Wu Jian Council.
  4093 | D:4      | Killed Eustachio
  4173 | D:5      | Entered Level 5 of the Dungeon
  4230 | D:5      | Noticed Pikel
  4251 | D:5      | XOM: divination: magic mapping
  4406 | D:5      | XOM: fake destruction
  4429 | D:5      | Noticed Blork the orc
  4452 | D:4      | XOM: harmless Ice miscast
  4466 | D:4      | XOM: stat loss: -1 Int (10/11)
  4467 | D:4      | Killed Pikel
  4467 | D:4      | Reached XP level 8. HP: 63/63 MP: 8/8
  4516 | D:5      | Found Makhynag's Merry Market.
  4547 | D:5      | Found an opulent altar of Gozag.
  4561 | D:5      | XOM: mild Erth miscast
  4573 | D:4      | XOM: swap monsters
  4577 | D:4      | XOM: summons 4 hostile shadow creatures
  4805 | D:5      | Killed Blork the orc
  5088 | D:5      | XOM: harmless Ice miscast
  5115 | D:5      | Found a stormy altar of Qazlal.
  5118 | D:5      | Found a basalt altar of Yredelemnul.
  5315 | D:6      | XOM: enchant monster (good)
  5316 | D:6      | Reached skill level 10 in Polearms
  5343 | D:6      | XOM: divination: magic mapping
  5394 | D:6      | XOM: polymorph orc warrior -> worm
  5616 | D:5      | Lost mutation: Scrolls take you a little longer to read. [evolution]
  5649 | D:6      | XOM: harmless Pois miscast
  5655 | D:6      | XOM: summons 2 friendly demons
  5662 | D:6      | Reached skill level 2 in Bows
  5671 | D:6      | Reached skill level 3 in Bows
  5808 | D:6      | XOM: cleaving
  5814 | D:6      | Reached skill level 4 in Bows
  5990 | D:6      | XOM: mild Tloc miscast
  6028 | D:6      | XOM: medium Necr miscast
  6127 | D:6      | XOM: 9-stop teleportation journey
  6138 | D:6      | Reached skill level 5 in Bows
  6213 | D:6      | XOM: give mutations
  6213 | D:6      | Gained mutation: You have a pair of horns on your head. [Xom's grace]
  6213 | D:6      | Gained mutation: You are mostly covered in thin metallic scales. (AC +3) [Xom's grace]
  6340 | D:6      | XOM: scenery: create altars
  6620 | D:7      | XOM: give mutations
  6620 | D:7      | Gained mutation: You possess an exceptional clarity of mind. [Xom's grace]
  6620 | D:7      | Gained mutation: You have a pair of large horns on your head. [Xom's grace]
  6647 | D:7      | Reached skill level 6 in Bows
  6647 | D:7      | Reached XP level 9. HP: 59/69 MP: 9/9
  6647 | D:7      | XOM: summons friendly crimson imp
  6653 | D:7      | Found a bloodstained altar of Trog.
  6653 | D:7      | XOM: 9-stop teleportation journey
  6661 | D:7      | Found a staircase to the Ecumenical Temple.
  6661 | D:7      | XOM: 5-stop teleportation journey
  6776 | D:7      | Reached skill level 7 in Bows
  6789 | D:7      | XOM: polymorph crimson imp -> white imp
  6798 | D:7      | XOM: scenery: create altars
  6843 | D:7      | Gained mutation: You are agile. (Dex +2) [evolution]
  6843 | D:7      | Lost mutation: You evolve. [end of evolution]
  6869 | D:7      | XOM: polymorph black bear -> shapeshifter
  6874 | D:7      | XOM: fake destruction
  6896 | D:7      | Reached skill level 8 in Bows
  6939 | D:7      | XOM: blink monster(s)
  7133 | D:7      | Reached skill level 9 in Bows
  7280 | D:7      | XOM: enchant monster (good)
  7328 | D:7      | Reached skill level 10 in Bows
  7463 | D:7      | XOM: noise
  7990 | D:8      | Reached XP level 10. HP: 77/77 MP: 10/10
  8172 | D:8      | XOM: divination: detect creatures
  8444 | D:8      | XOM: god gift: 26 bolts
  8563 | D:8      | XOM: summons friendly crimson imp
  8736 | D:8      | XOM: divination: detect creatures
  8740 | D:8      | XOM: potion effect (agility)
  8776 | D:8      | XOM: summons friendly quasit
  8857 | D:9      | XOM: blink monster(s)
  8913 | D:9      | Found Mute's Assorted Antiques.
  8925 | D:9      | Reached skill level 11 in Bows
  9108 | D:4      | Bought a +4 shortbow of flaming for 328 gold pieces
  9237 | D:9      | Bought a sedimented inky potion for 25 gold pieces
  9262 | D:9      | XOM: enchant monster (good)
  9276 | D:9      | XOM: divination: magic mapping
  9289 | D:9      | XOM: mild Summ miscast
  9368 | D:9      | XOM: god gift: scroll labeled SOEFEU LEOSTAY {god gift}
  9483 | D:9      | XOM: summons friendly shadow imp
  9521 | D:9      | Found Jenu's Antique Armour Shop.
  9550 | D:9      | XOM: god gift: 18 arrows
  9578 | D:9      | XOM: enchant monster (good)
  9579 | D:9      | XOM: confuse monster(s)
  9582 | D:9      | XOM: potion effect (berserk rage)
  9644 | D:9      | XOM: enchant monster (good)
  9663 | D:9      | XOM: polymorph orc warrior -> orc warrior
  9669 | D:8      | XOM: harmless Pois miscast
  9696 | D:8      | XOM: noise
  9716 | D:8      | XOM: harmless Necr miscast
  9889 | D:9      | XOM: 1-stop teleportation journey
 10007 | D:9      | Found Ygezxer's Book Boutique.
 10203 | D:9      | XOM: harmless Conj miscast
 10222 | D:9      | Found Myco's Antique Armour Boutique.
 10445 | D:9      | XOM: summons 5 hostile demons
 10671 | D:9      | XOM: give mutations
 10671 | D:9      | Gained mutation: Your flesh is cold resistant. (rC+) [Xom's grace]
 10671 | D:9      | Gained mutation: You are resistant to hostile enchantments. (MR+) [Xom's grace]
 10671 | D:9      | Gained mutation: Your muscles are strong. (Str +2) [Xom's grace]
 10723 | D:9      | XOM: potion effect (berserk rage)
 10736 | D:9      | XOM: severe Hex miscast
 10833 | D:9      | Found a staircase to the Orcish Mines.
 10984 | D:10     | Entered Level 10 of the Dungeon
 11045 | D:10     | XOM: polymorph steam dragon -> swamp drake
 11054 | D:10     | Reached skill level 12 in Bows
 11195 | D:8      | XOM: god gift: glowing plate armour {god gift}
 11351 | D:3      | Found a shattered altar of Ashenzari.
 11378 | D:3      | XOM: god gift: chain mail {god gift}
 11433 | D:3      | XOM: silly message
 11569 | D:3      | XOM: confuse monster(s)
 11711 | D:3      | XOM: give mutation
 11711 | D:3      | Gained mutation: You are highly resistant to hostile enchantments. (MR++) [Xom's grace]
 11937 | D:5      | XOM: give mutations
 11937 | D:5      | Gained mutation: Your system is resistant to poisons. (rPois) [Xom's grace]
 11937 | D:5      | Gained mutation: You are somewhat resistant to further mutation. [Xom's grace]
 11937 | D:5      | Gained mutation: Your mind is acute. (Int +2) [Xom's grace]
 12139 | D:10     | XOM: god gift: lamp of fire
 12191 | D:10     | Noticed a gargoyle
 12259 | D:11     | Noticed xgamer67's ghost (journeyman HOFE)
 12266 | D:11     | XOM: enchant monster (good)
 12283 | D:11     | XOM: scenery: 3 doors close
 12295 | D:11     | XOM: smoke on damage
 12304 | D:11     | XOM: confuse monster(s)
 12308 | D:11     | XOM: severe Pois miscast
 12312 | D:11     | XOM: confuse monster(s)
 12343 | D:9      | XOM: polymorph orc warrior -> ice beast
 12741 | D:8      | XOM: summons 2 hostile demons
 12876 | D:10     | XOM: potion effect (invisibility)
 12886 | D:10     | Killed a gargoyle
 13143 | D:10     | Reached skill level 1 in Dodging
 13186 | D:10     | XOM: blink monster(s)
 13194 | D:10     | Reached XP level 11. HP: 74/82 MP: 11/11
 13212 | D:10     | Reached skill level 13 in Bows
 13293 | D:10     | XOM: harmless Tmut miscast
 13301 | D:10     | Found a staircase to the Lair.
 13542 | D:10     | XOM: enchant monster (bad)
 13801 | Lair:1   | Entered Level 1 of the Lair of Beasts
 14175 | Lair:1   | XOM: 1-stop teleportation journey
 14188 | Lair:1   | XOM: enchant monster (bad)
 14533 | Lair:1   | XOM: cleaving
 15135 | Lair:2   | XOM: give mutation
 15135 | Lair:2   | Lost mutation: Your muscles are strong. (Str +2) [Xom's mischief]
 15316 | Lair:2   | XOM: medium Erth miscast
 15378 | Lair:2   | XOM: mild Necr miscast
 15465 | Lair:2   | Noticed a five-headed hydra
 15470 | Lair:2   | XOM: enchant monster (bad)
 15493 | Lair:2   | XOM: repel stairs
 15499 | Lair:2   | Killed a five-headed hydra
 15595 | Lair:2   | XOM is BORED!
 15595 | Lair:2   | XOM: chaos cloud
 15597 | Lair:2   | XOM: medium Hex miscast
 15619 | Lair:2   | HP: 5/127 [something (10)]
 15630 | Lair:2   | Reached skill level 5 in Fighting
 15723 | Lair:1   | XOM: summons 2 hostile shadow creatures
 16018 | Lair:2   | Found a staircase to the Shoals.
 16073 | Lair:2   | Noticed a seven-headed hydra
 16088 | Lair:2   | XOM: swap monsters
 16093 | Lair:2   | XOM: blink monster(s)
 16095 | Lair:2   | XOM: noise
 16096 | Lair:2   | XOM: swap monsters
 16311 | Lair:2   | Noticed a death yak
 16312 | Lair:2   | Noticed a death yak
 16313 | Lair:2   | Noticed a death yak
 16313 | Lair:2   | Noticed a death yak
 16313 | Lair:2   | Noticed a death yak
 16314 | Lair:2   | Noticed a death yak
 16314 | Lair:2   | XOM: cast spell 'Statue Form'
 16319 | Lair:2   | XOM: summons 2 friendly demons
 16376 | Lair:1   | XOM: noise
 16543 | Lair:2   | Noticed a seven-headed hydra
 16544 | Lair:2   | XOM: divination: detect items
 16546 | Lair:2   | XOM: potion effect (agility)
 16551 | Lair:2   | Noticed Harold
 16563 | Lair:2   | XOM: potion effect (agility)
 16690 | Lair:2   | XOM: mild Tloc miscast
 16759 | Lair:2   | XOM: mild Ice miscast
 17020 | Lair:3   | You fall through a shaft!
 17032 | Lair:4   | XOM: blink monster(s)
 17051 | Lair:4   | Reached skill level 14 in Bows
 17051 | Lair:4   | XOM: enchant monster (good)
 17069 | Lair:4   | XOM: stat loss: -1 Dex (10/11)
 17357 | Lair:4   | XOM: harmless Summ miscast
 17410 | Lair:4   | XOM: 1-stop teleportation journey
 17415 | Lair:4   | XOM: cast spell 'Monstrous Menagerie'
 17425 | Lair:4   | XOM: mild Hex miscast
 17580 | Lair:4   | XOM is BORED!
 17580 | Lair:4   | XOM: give mutations
 17580 | Lair:4   | Lost mutation: You are highly resistant to hostile enchantments. (MR++) [Xom's mischief]
 17580 | Lair:4   | Lost mutation: You possess an exceptional clarity of mind. [Xom's mischief]
 17580 | Lair:4   | Lost mutation: Your flesh is cold resistant. (rC+) [Xom's mischief]
 17580 | Lair:4   | Lost mutation: You are somewhat resistant to further mutation. [Xom's mischief]
 17623 | Lair:4   | XOM: confuse monster(s)
 17742 | Lair:4   | XOM: divination: magic mapping
 17758 | Lair:4   | XOM: confuse monster(s)
 17768 | Lair:4   | Reached XP level 12. HP: 94/96 MP: 12/12
 17888 | Lair:4   | Noticed an eight-headed hydra
 17888 | Lair:4   | XOM: summons friendly iron imp
 17964 | Lair:3   | XOM: divination: detect creatures
 18166 | Lair:3   | XOM: cast spell 'Summon Ice Beast'
 18290 | Lair:3   | Noticed Rupert
 18297 | Lair:3   | XOM: confuse monster(s)
 18299 | Lair:3   | XOM: confuse monster(s)
 18311 | Lair:3   | XOM: summons friendly ufetubus
 18313 | Lair:3   | Killed Rupert
 18313 | Lair:3   | Reached skill level 5 in Armour
 18528 | Lair:3   | XOM: god gift: 56 gold pieces
 18656 | Lair:3   | Noticed Nergalle
 18662 | Lair:3   | XOM: fog
 18817 | Lair:3   | Noticed a catoblepas
 18834 | Lair:3   | XOM: god gift: potion of flight
 18835 | Lair:3   | XOM: smoke on damage
 18845 | Lair:3   | XOM: summons 12 friendly demons
 18850 | Lair:3   | Killed a catoblepas
 18850 | Lair:3   | Reached skill level 5 in Dodging
 19372 | Lair:3   | Found a staircase to the Snake Pit.
 19372 | Lair:3   | XOM: 2-stop teleportation journey
 19373 | Lair:3   | Noticed a catoblepas
 19373 | Lair:3   | XOM: potion effect (brilliance)
 19375 | Lair:3   | XOM: repel stairs
 19376 | Lair:3   | XOM: summons 3 friendly demons
 19404 | Lair:3   | Killed a catoblepas
 19481 | Lair:3   | XOM: give mutations
 19481 | Lair:3   | Gained mutation: Your mind is very acute. (Int +4) [Xom's grace]
 19481 | Lair:3   | Gained mutation: You are somewhat resistant to further mutation. [Xom's grace]
 19481 | Lair:3   | Gained mutation: You are resistant to electric shocks. (rElec) [Xom's grace]
 19481 | Lair:3   | Gained mutation: Your spells are a little harder to cast, but a little more powerful. [Xom's grace]
 19562 | Lair:3   | XOM: god gift: 21 gold pieces
 19625 | Lair:3   | Killed Nergalle
 19661 | Lair:3   | XOM: harmless Hex miscast
 19816 | Lair:3   | XOM: harmless Tloc miscast
 19930 | Lair:2   | Killed a seven-headed hydra
 20027 | Lair:2   | XOM: cloud trail
 20070 | Lair:2   | XOM: scenery: 1 doors open
 20078 | Lair:2   | XOM: divination: detect items
 20084 | Lair:2   | XOM: summons 2 friendly demons
 20270 | Lair:2   | Killed a seven-headed hydra
 20738 | Lair:4   | XOM: cloud trail
 20889 | Lair:4   | XOM: divination: detect creatures
 20895 | Lair:4   | XOM: divine lightning
 20910 | Lair:4   | Killed an eight-headed hydra
 20945 | Lair:4   | Reached XP level 13. HP: 101/110 MP: 13/13
 21030 | Lair:4   | XOM: cloud trail
 21226 | Lair:4   | XOM: give mutations
 21226 | Lair:4   | Gained mutation: You possess an exceptional clarity of mind. [Xom's grace]
 21226 | Lair:4   | Gained mutation: You are very agile. (Dex +4) [Xom's grace]
 21420 | Lair:4   | XOM: scenery: create altars
 21766 | Lair:5   | XOM: fog
 21825 | Lair:5   | XOM: summons friendly quasit
 21829 | Lair:5   | XOM: summons 13 friendly demons
 21833 | Lair:5   | XOM: god gift: 18 stones
 22005 | Lair:5   | XOM: summons friendly chaos spawn
 23133 | Lair:5   | XOM: polymorph butterfly -> frilled lizard
 23271 | Lair:6   | Entered Level 6 of the Lair of Beasts
 23293 | Lair:6   | XOM: harmless Ice miscast
 23294 | Lair:6   | XOM: harmless Hex miscast
 23455 | Lair:6   | XOM: divination: detect creatures
 23505 | Lair:5   | XOM: mild Ice miscast
 23694 | Lair:6   | XOM: summons friendly iron imp
 23722 | Lair:6   | XOM: summons friendly crimson imp
 23725 | Lair:6   | XOM: harmless Necr miscast
 23735 | Lair:6   | XOM: scenery: create altars
 23739 | Lair:6   | XOM: potion effect (berserk rage)
 23773 | Lair:6   | XOM: summons 3 friendly demons
 24109 | Lair:6   | XOM: give mutations
 24109 | Lair:6   | Gained mutation: You are partially covered in molten scales. (AC +2) [Xom's grace]
 24109 | Lair:6   | Gained mutation: You are robust. (+10% HP) [Xom's grace]
 24132 | Lair:6   | Reached skill level 10 in Fighting
 24173 | Lair:6   | XOM: god gift: scroll of teleportation
 24205 | Lair:6   | XOM: summons friendly ufetubus
 24210 | Lair:6   | XOM: summons 13 friendly demons
 24222 | Lair:6   | XOM: 1-stop teleportation journey
 24246 | Lair:6   | XOM: polymorph death yak -> something unseen
 24265 | Lair:6   | XOM: confuse monster(s)
 24400 | Lair:6   | XOM: confuse monster(s)
 24442 | Lair:6   | XOM: noise
 24460 | Lair:6   | XOM: summons friendly white imp
 24467 | Lair:6   | XOM: enchant monster (bad)
 24537 | Lair:6   | XOM: repel stairs
 24540 | Lair:6   | Noticed a ghost moth
 24543 | Lair:6   | XOM: confuse monster(s)
 24569 | Lair:6   | Killed a ghost moth
 24804 | Lair:6   | Found a staircase to the Slime Pits.
 24804 | Lair:6   | Found a viscous altar of Jiyva.
 24845 | Lair:6   | XOM: mild Tloc miscast
 25004 | Lair:6   | XOM: harmless Tloc miscast
 25023 | Lair:6   | XOM: mild Hex miscast
 25042 | Lair:6   | XOM: scenery: create altars
 25071 | Lair:6   | XOM: enchant monster (good)
 25072 | Lair:6   | XOM: cleaving
 25105 | Lair:6   | XOM: cast spell 'Summon Butterflies'
 25118 | Lair:6   | Reached XP level 14. HP: 100/134 MP: 12/14
 25122 | Lair:6   | XOM: cast spell 'Alistair's Intoxication'
 25144 | Lair:6   | XOM: divination: detect items
 25150 | Lair:6   | XOM: divination: detect items
 25154 | Lair:6   | XOM: summons friendly ufetubus
 25470 | Lair:6   | Learned a level 1 spell: Summon Butterflies
 25692 | Lair:6   | XOM: 1-stop teleportation journey
 25722 | Lair:6   | XOM: mild Tloc miscast
 25770 | Lair:6   | Noticed an azure jelly
 25770 | Lair:6   | a death yak changed into an azure jelly
 25770 | Lair:6   | XOM: polymorph death yak -> azure jelly
 25794 | Lair:6   | XOM: cleaving
 25800 | Lair:6   | XOM: divination: detect items
 25806 | Lair:6   | XOM: cleaving
 25814 | Lair:6   | XOM: confuse monster(s)
 25863 | Lair:6   | XOM: fog
 25889 | Lair:6   | XOM: scenery: 1 doors open
 25906 | Lair:6   | XOM: potion effect (invisibility)
 25917 | Lair:6   | Killed an azure jelly
 25917 | Lair:6   | XOM: harmless Erth miscast
 26280 | Lair:6   | XOM: harmless Summ miscast
 26633 | Orc:1    | Entered Level 1 of the Orcish Mines
 26702 | Orc:1    | XOM: fog
 26879 | Orc:1    | XOM: medium Conj miscast
 27084 | Orc:1    | XOM: mild Chrm miscast
 27108 | Orc:1    | Found Hejitem's Assorted Antiques.
 27116 | Orc:1    | Bought a fizzy dark potion for 23 gold pieces
 27482 | Orc:1    | XOM: scenery: 1 doors open
 27592 | Orc:2    | Entered Level 2 of the Orcish Mines
 27622 | Orc:2    | Found a roughly hewn altar of Beogh.
 27622 | Orc:2    | XOM: 1-stop teleportation journey
 27637 | Orc:2    | XOM: confuse monster(s)
 27722 | Orc:2    | Noticed an orc warlord
 27740 | Orc:2    | Found a staircase to the Elven Halls.
 28040 | Orc:2    | XOM: god gift: silver wand {god gift}
 28058 | Orc:2    | XOM: potion effect (brilliance)
 28202 | Orc:2    | XOM: blink monster(s)
 28556 | Orc:2    | XOM: chaos upgrade
 28884 | Orc:2    | XOM: medium Air miscast
 28908 | Orc:2    | XOM: harmless Tloc miscast
 29073 | Orc:2    | XOM: harmless Fire miscast
 29259 | Orc:2    | XOM: summons 2 friendly demons
 29397 | Orc:1    | XOM: mild Air miscast
 29440 | Orc:2    | XOM: blink monster(s)
 29444 | Orc:2    | XOM: cleaving
 29476 | Orc:1    | XOM: summons 3 hostile demons
 29495 | Orc:1    | an orc warlord changed into a catoblepas
 29495 | Orc:1    | XOM: polymorph orc warlord -> catoblepas
 29497 | Orc:1    | XOM: polymorph catoblepas -> death yak
 29541 | Orc:1    | XOM: summons 6 hostile demons
 29620 | Orc:1    | XOM: give mutations
 29620 | Orc:1    | Lost mutation: Your mind is very acute. (Int +4) [Xom's mischief]
 29620 | Orc:1    | Lost mutation: You are robust. (+10% HP) [Xom's mischief]
 29620 | Orc:1    | Lost mutation: Your system is resistant to poisons. (rPois) [Xom's mischief]
 29620 | Orc:1    | Lost mutation: Your mind is acute. (Int +2) [Xom's mischief]
 29779 | Orc:2    | XOM: mild Tmut miscast
 30082 | Orc:2    | XOM: give mutation
 30082 | Orc:2    | Lost mutation: You are resistant to electric shocks. (rElec) [Xom's mischief]
 30135 | Orc:2    | XOM: medium Pois miscast
 30335 | Orc:2    | Paralysed by an orc sorcerer for 2 turns
 30567 | Orc:2    | Found Bout's General Store.
 30568 | Orc:2    | Found Lutu's Jewellery Emporium.
 30569 | Orc:2    | Found Xaestruf's Antique Armour Shoppe.
 30569 | Orc:2    | Found Palyfit's Antique Weapon Shoppe.
 30771 | Orc:1    | Bought a scroll of remove curse for 78 gold pieces
 30851 | Orc:2    | Bought a scroll of blinking for 127 gold pieces
 30851 | Orc:2    | Bought a scroll of identify for 34 gold pieces
 30851 | Orc:2    | Bought 24 arrows for 81 gold pieces
 30945 | D:9      | XOM: summons 6 hostile demons
 31207 | D:11     | Killed xgamer67's ghost
 31479 | D:11     | XOM: stat loss: -1 Int (10/11)
 31544 | D:11     | XOM: enchant monster (good)
 31622 | D:11     | XOM: scenery: create altars
 32003 | D:11     | XOM: summons 7 friendly demons
 32025 | D:11     | XOM: fog
 32049 | D:11     | XOM: cleaving
 32080 | D:11     | XOM: god gift: 20 gold pieces
 32118 | D:11     | XOM: scenery: create altars
 32120 | D:11     | XOM: 2-stop teleportation journey
 32130 | D:11     | XOM: god gift: bread ration
 32216 | D:11     | XOM: mild Summ miscast
 32366 | D:11     | XOM: divination: magic mapping
 32387 | D:11     | XOM: god gift: large shield {god gift}
 32388 | D:11     | XOM: summons friendly white imp
 32400 | D:11     | XOM: enchant monster (good)
 32411 | D:11     | Reached skill level 1 in Evocations
 32527 | D:11     | XOM: harmless Erth miscast
 32601 | D:9      | Bought a sapphire ring for 140 gold pieces
 32601 | D:9      | Bought a scroll of identify for 56 gold pieces
 32758 | Orc:2    | Bought a glowing trident for 162 gold pieces
 32762 | Orc:2    | Bought a runed cloak for 172 gold pieces
 32891 | D:9      | Bought a steaming plate armour for 672 gold pieces
 32901 | D:9      | Identified the +0 plate armour of the Vanishing Deaths {+Fly rElec} (You bought it in a shop on level 9 of the Dungeon)
 32999 | D:10     | XOM: divination: magic mapping
 33192 | D:11     | Noticed grindst0ne's ghost (journeyman DsFi)
 33224 | D:11     | XOM: summons friendly shadow imp
 33289 | D:11     | XOM: enchant monster (good)
 33316 | D:11     | XOM: enchant monster (good)
 33317 | D:11     | XOM: cleaving
 33319 | D:11     | XOM: enchant monster (good)
 33348 | D:11     | Killed grindst0ne's ghost
 33656 | D:11     | XOM: confuse monster(s)
 33712 | D:11     | XOM: enchant monster (good)
 33721 | D:11     | Reached XP level 15. HP: 134/134 MP: 16/16
 34068 | D:12     | XOM: 2-stop teleportation journey
 34163 | D:12     | Noticed Nessos
 34174 | D:12     | Killed Nessos
 34801 | D:12     | Noticed a sphinx
 34817 | D:12     | Noticed a frost giant
 34817 | D:12     | a sphinx changed into a frost giant
 34817 | D:12     | XOM: polymorph sphinx -> frost giant
 34822 | D:12     | XOM: fog
 34942 | D:11     | XOM: harmless Pois miscast
 35236 | D:12     | XOM: summons 11 friendly demons
 35247 | D:12     | XOM: cleaving
 35251 | D:12     | XOM: give mutations
 35251 | D:12     | Gained mutation: You passively map a small area around you. [Xom's grace]
 35251 | D:12     | Gained mutation: Your spells are harder to cast, but more powerful. [Xom's grace]
 35251 | D:12     | Gained mutation: You are robust. (+10% HP) [Xom's grace]
 35334 | D:12     | XOM: god gift: plate armour {god gift}
 35566 | D:11     | XOM is BORED!
 35566 | D:11     | XOM: medium Air miscast
 35669 | Snake:1  | Entered Level 1 of the Snake Pit
 35817 | Lair:3   | XOM: scenery: create altars
 35854 | Lair:3   | XOM: polymorph anaconda -> glowing shapeshifter
 36042 | Lair:3   | XOM: divine lightning
 36388 | Snake:1  | XOM: smoke on damage
 36396 | Snake:1  | XOM: cast spell 'Summon Dragon'
 36786 | Snake:1  | XOM: cleaving
 36818 | Lair:3   | HP: 7/147 [poisoned by a naga ritualist]
 36823 | Lair:3   | HP: 5/147 [poisoned by a naga ritualist]
 36828 | Lair:3   | HP: 4/147 [poisoned by a naga ritualist]
 36833 | Lair:3   | HP: 4/147 [poisoned by a naga ritualist]
 36841 | Lair:3   | HP: 5/147 [poisoned by a naga ritualist]
 37051 | Lair:3   | XOM: scenery: create altars
 37342 | Snake:1  | Noticed Roxanne
 37507 | Snake:1  | Killed Roxanne
 37509 | Snake:1  | Identified Roxanne's Incunabulum of the Rocks (You took it off Roxanne on level 1 of the Snake Pit)
 37640 | Snake:1  | Noticed Aizul
 37671 | Snake:2  | Noticed Vashnia
 37676 | Snake:2  | Noticed a nagaraja
 38062 | Snake:2  | XOM: 2-stop teleportation journey
 38103 | Snake:1  | XOM: enchant monster (good)
 38105 | Snake:1  | XOM: butterfly on damage
 38110 | Snake:1  | XOM: enchant monster (bad)
 38432 | Lair:3   | XOM is BORED!
 38443 | Lair:3   | XOM: summons 1 hostile demon
 38468 | Shoals:1 | Entered Level 1 of the Shoals
 38531 | Shoals:1 | Reached skill level 10 in Armour
 38536 | Shoals:1 | XOM: polymorph merfolk -> glowing orange brain
 38545 | Shoals:1 | XOM: polymorph glowing orange brain -> slime creature
 39185 | Shoals:1 | XOM: blink monster(s)
 39398 | Lair:2   | Reached skill level 15 in Bows
 39674 | Shoals:1 | XOM: potion effect (magic)
 40075 | Shoals:1 | XOM: divination: magic mapping
 40081 | Shoals:1 | Found Saiwawuy's Assorted Antiques.
 40135 | Shoals:1 | XOM: divination: magic mapping
 40147 | Shoals:1 | HP: 6/147 [water elemental (4)]
 40148 | Shoals:1 | Slain by a water elemental

Vault maps used:
D:1:      minmay_arrival_split_and_join, nemelex_diamond_rough_becter
D:2:      first_bread, uniq_crazy_yiuf_cottage
D:3:      cheibrodos_sewer_entry_sluice, nicolae_ashenzari_panopticon
D:4:      lemuel_doored_altar, nicolae_overflow_crystal_walls,
          nicolae_overflow_hidden_temple, serial_shops,
          nicolae_shop_behind_doors, uniq_robin, uniq_eustachio
D:5:      minmay_overflow_temple_star_quad, nicolae_alphabet_shops,
          minmay_misc_feat_tower, uniq_blork_the_orc, uniq_pikel
D:7:      minmay_temple_entry_statues, grunt_livestock, trog_ov_bears_minmay
D:9:      david_orc_4, serial_shops, shop, shop, shop,
          nicolae_shop_overgrown_old_shop
D:10:     david_lair_shrubbed, corexii_corridor_pit
D:12:     cross_vault, uniq_nessos
D:13:     minmay_ambush_box, david_vaults_5, serial_corexii_hall,
          corexii_hall_statues_t, corexii_hall_statues_i, minivault_27,
          minivault_29
Lair:1:   minmay_guarded_unrand_snakebite, infiniplex_staircase_pool
Lair:2:   shoals_dummy_entry, lemuel_fruit_tree, uniq_harold
Lair:3:   dummy_snake_entry, uniq_nergalle, uniq_rupert
Lair:4:   special_room, serial_bayou_shore_b, lemuel_fruit_fields
Lair:5:   kilobyte_rumbling_trees, lemuel_fruit_fields
Lair:6:   grunt_lair_end_beastmaster, slime_altar_1, grunt_forest_stairs_basic,
          minivault_19, serial_bayou_shore_b, grunt_megastairs_3,
          serial_bayou_shore_b
Shoals:1: cheibrodos_shoals_oceanic_diplomacy, serial_shops, shop_fountains
Snake:1:  uniq_roxanne, uniq_aizul
Snake:2:  nicolae_snake_springs, minmay_shop_grove, basic_stair_grate_trap,
          uniq_vashnia
Orc:1:    cheibrodos_orc_bank, serial_shops, nicolae_shop_overgrown_old_shop
Orc:2:    st_orc_congregation, basic_altar
Sewer:    sewer_kobolds

Skill      XL: |  1  2  3  4  5  6  7  8  9 10 11 12 13 14 15 |
---------------+----------------------------------------------+-----
Polearms       | 3 4 5 6 7 9 10 11 12 | 12.2
Bows           | 6 10 12 14 15 | 15.2
Dodging        | 1 3 6 7 9 |  9.7
Armour         | 4 6 8 9 10 | 10.0
Fighting       | 6 8 10 12 | 12.9
Evocations     | 2 3 |  3.9

Action                   |  1- 3 |  4- 6 |  7- 9 | 10-12 | 13-15 || total
-------------------------+-------+-------+-------+-------+-------++-------
Melee: Spear             |   121 |   162 |   435 |  1203 |  1834 ||  3755
       Kick              |     8 |    15 |    61 |   203 |   486 ||   773
       Headbutt          |     4 |    13 |    38 |   132 |   350 ||   537
 Fire: Shortbow          |       |       |     9 |   234 |   465 ||   708
       Longbow           |       |       |       |       |   257 ||   257
Throw: Stone             |     2 |       |       |       |       ||     2
       Tomahawk          |     5 |       |       |     2 |       ||     7
Evoke: Wand              |       |       |       |     3 |       ||     3
       Lamp of fire      |       |       |       |     1 |     1 ||     2
       Phial of floods   |       |       |       |       |     2 ||     2
  Use: Scroll            |     4 |       |     8 |    12 |    15 ||    39
       Potion            |       |       |       |     4 |    12 ||    16
 Stab: Paralysed         |       |     1 |     3 |     4 |    11 ||    19
       Confused          |       |       |     3 |     5 |     2 ||    10
       Petrifying        |       |       |       |     1 |     1 ||     2
       Petrified         |       |       |       |     8 |    12 ||    20
       Distracted        |       |       |       |       |     3 ||     3
       Sleeping          |       |       |       |       |     1 ||     1
  Eat: Chunk             |     3 |     4 |    13 |    29 |    36 ||    85
       Fruit             |       |       |       |     6 |    19 ||    25
       Royal jelly       |       |       |       |       |     4 ||     4
Armor: Leather armour    |    21 |    22 |    87 |    29 |       ||   159
       Ring mail         |       |       |       |   235 |   186 ||   421
       Skin              |       |       |       |     2 |       ||     2
       Chain mail        |       |       |       |       |   381 ||   381
       Plate armour      |       |       |       |       |    96 ||    96
Dodge: Dodged            |    32 |    27 |   102 |   205 |   499 ||   865
